 Dungeon Crawl Stone Soup version 0.18-a0-1485-g189885c (webtiles) character file.

11299 uiiiytp the Peltast (level 11, -4/124 HPs)
             Began as a Minotaur Fighter on Mar 3, 2016.
             Slain by a four-headed hydra (6 damage)
             ... on level 11 of the Dungeon.
             The game lasted 00:52:54 (9850 turns).

uiiiytp the Peltast (Minotaur Fighter)              Turns: 9850, Time: 00:52:56

Health: -4/124     AC: 25    Str: 24    XL:     11   Next: 47%
Magic:  10/10      EV:  2    Int:  5    God:
Gold:   249        SH: 14    Dex: 10    Spells: 0 memorised, 10 levels left

rFire  . . .     SeeInvis .     A - +0 spear (flame)
rCold  . . .     Gourm    .     (armour currently unavailable)
rNeg   + + +     Faith    .     c - +0 shield
rPois  +         Spirit   .     (helmet currently unavailable)
rElec  .         Dismiss  .     (cloak currently unavailable)
rCorr  .         Reflect  .     (gloves currently unavailable)
SustAt .         Harm     .     (boots currently unavailable)
MR     +....     NoTele   +     j - amulet of regeneration
Stlth  +.........               (no ring)
                                p - ring of protection from magic

@: tree-form, somewhat resistant to hostile enchantments, very unstealthy
A: (retaliatory headbutt), (horns 0), (thin metallic scales 0), (fire resistance
0), no device heal 1
a: no special abilities


You were on level 11 of the Dungeon.
You were not hungry.
You were a tree.
You visited 1 branch of the dungeon, and saw 11 of its levels.

You collected 770 gold pieces.
You spent 521 gold pieces at shops.

Inventory:

Hand Weapons
 a - a +0 trident
 A - a +0 spear of flaming (weapon)
Armour
 b - a +0 scale mail
 c - a +0 shield (worn)
 h - a +0 plate armour
 l - a +0 scale mail of fire resistance
 m - the +2 pair of boots of the Assassin (melded) {DetectMon Stab+ Stlth++}
   (You acquired it on level 10 of the Dungeon)

   It makes you much more stealthy.
 o - a +0 pair of gloves (melded)
 G - a +0 pair of boots
 X - a +2 cloak (melded)
 Y - the +2 ring mail "Urugg" (melded) {+Fly rF+ rCorr Int+4}
   (You bought it in a shop on level 9 of the Dungeon)

   It affects your intelligence (+4).
   It protects you from fire.
   It lets you fly.
   It protects you from acid and corrosion.
Jewellery
 j - an amulet of regeneration (around neck)
 p - a ring of protection from magic (left branch)
 D - an uncursed amulet of faith
Wands
 u - a wand of iceblast (10/15)
 x - a wand of paralysis (10/24)
 y - a wand of lightning (4/15)
 z - a wand of lightning (7/15)
 C - a wand of flame (22/48)
 E - a wand of enslavement (12/24)
 N - a wand of slowing (30/48)
 S - a wand of digging (6/24)
Scrolls
 e - 5 scrolls of teleportation
 f - 3 scrolls of magic mapping
 k - a scroll of noise
 n - 9 scrolls of remove curse
 q - a scroll of identify
 r - 2 scrolls of random uselessness
 Q - a scroll of fog
 V - a scroll of blinking
Potions
 s - a potion of haste
 w - a potion of lignification
 B - 3 potions of curing
 F - 2 potions of degeneration
 J - a potion of cure mutation
 L - 3 potions of agility
Books
 T - the Collected Works on Good Luck
   (You found it on level 8 of the Dungeon)

   Spells                             Type                      Level
   a - Infusion                       Charms                       1
   b - Excruciating Wounds            Charms/Necromancy            5
   c - Deflect Missiles               Charms/Air                   6
Comestibles
 d - a beef jerky
 g - a bread ration
 i - 12 fruits
 P - 2 royal jellies


   Skills:
 - Level 3.7 Fighting
 - Level 14.7 Polearms
 - Level 3.7 Armour
 + Level 15.1 Shields


You had 10 spell levels left.
You didn't know any spells.

Dungeon Overview and Level Annotations

Branches:
Dungeon (11/15)            Temple (0/1) D:6            Lair (0/8) D:8
    Orc: D:9-12

Altars:
Elyvilon
Fedhas
Qazlal
Ru

Shops:
D:9 [   D:10 !


Innate Abilities, Weirdness & Mutations

((You reflexively headbutt those who attack you in melee.))
((You have a pair of horns on your head.))
((You are partially covered in thin metallic scales (AC +2).))
((Your flesh is heat resistant.))
Potions and wands are less effective at restoring your health.


Message History

* * * LOW HITPOINT WARNING * * *
You block the four-headed hydra's attack.
You block the yak's attack.
You hit the yak but do no damage.
The yak is almost dead.
You hit the yak. You burn the yak.
You kill the yak!
You block the yak's attack. The yak gores you but does no damage.
You block the four-headed hydra's attack. x2
The four-headed hydra bites you but does no damage.
The four-headed hydra bites you!
* * * LOW HITPOINT WARNING * * *
You hit the yak but do no damage. You hit the yak but do no damage.
The yak gores you.
* * * LOW HITPOINT WARNING * * *
The yak gores you but does no damage. The four-headed hydra bites you!
* * * LOW HITPOINT WARNING * * *
The four-headed hydra bites you but does no damage.
The four-headed hydra bites you.
You die...

#.. #.( .##
...#..{ Y.
#.#..##h#
#....#..#
#.<#†###
#††.)(#
#..T#<##
#.YY#†.#
#.#D♣†.#
#.###Y......
#. ##..###.
#. { .## ..
.# ##


You could see a four-headed hydra, 3 yaks and a troll.

Vanquished Creatures
  2 unseen horrors
  2 hill giants (D:11)
  Pikel (D:6)
  An ugly thing (D:11)
  Psyche (D:8)
  A troll (D:9)
  Grinder (D:4)
  2 hippogriffs
  A steam dragon (D:10)
  17 yaks
  A mottled dragon (D:10)
  2 orc warriors (D:7)
  3 sky beasts
  3 ice beasts
  A black bear (D:9)
  A wasp (D:7)
  A necrophage (D:9)
  5 ogres
  2 centaurs
  Blork the orc (D:6)
  2 giant frogs
  A gnoll sergeant (D:5)
  A water moccasin zombie (D:9)
  The ghost of uiiiytp the Ruffian, a weakling TrMo (D:3)
  4 scorpions
  17 killer bees
  7 howler monkeys
  3 crimson imps
  2 centaur zombies
  A centaur skeleton (D:8)
  A hound (D:11)
  3 jellies
  5 orc priests
  A quasit (D:6)
  A giant frog skeleton (D:10)
  Terence (D:3)
  3 iguanas
  7 orc wizards
  7 worker ants
  A hound zombie (D:7)
  A hound skeleton (D:6)
  A worker ant zombie (D:6)
  7 gnolls
  14 adders
  2 shadow imps
  An adder zombie (D:8)
  3 adder skeletons
  2 worms
  3 dart slugs
  4 giant geckos
  27 orcs
  A ball python (D:3)
  7 bats
  7 giant cockroaches
  9 hobgoblins
  9 jackals
  10 kobolds
  3 quokkas
  7 giant newts
  7 goblins
  12 rats
255 creatures vanquished.

Vanquished Creatures (others)
  A shadow imp (D:8)
  6 plants (D:8)
7 creatures vanquished.

Grand Total: 262 creatures vanquished

Notes
Turn   | Place    | Note
--------------------------------------------------------------
     0 | D:1      | uiiiytp the Minotaur Fighter began the quest for the Orb.
     0 | D:1      | Reached XP level 1. HP: 19/19 MP: 0/0
   203 | D:1      | Reached XP level 2. HP: 27/27 MP: 1/1
   344 | D:1      | Reached XP level 3. HP: 33/33 MP: 2/2
   880 | D:2      | Found a white marble altar of Elyvilon.
  1174 | D:2      | Reached XP level 4. HP: 40/40 MP: 3/3
  1401 | D:3      | Noticed uiiiytp's ghost (weakling TrMo)
  1410 | D:3      | Reached skill level 5 in Polearms
  1422 | D:3      | Killed uiiiytp's ghost
  1424 | D:3      | Reached XP level 5. HP: 17/46 MP: 4/4
  2228 | D:3      | Noticed Terence
  2242 | D:3      | Killed Terence
  2435 | D:4      | Reached XP level 6. HP: 50/52 MP: 5/5
  2470 | D:4      | Noticed Grinder
  2492 | D:4      | Killed Grinder
  2863 | D:4      | Reached XP level 7. HP: 40/58 MP: 6/6
  3122 | D:5      | Entered Level 5 of the Dungeon
  3139 | D:5      | Reached skill level 10 in Polearms
  3673 | D:6      | Noticed Pikel
  3693 | D:6      | Killed Pikel
  3693 | D:6      | Reached XP level 8. HP: 58/66 MP: 7/7
  3789 | D:6      | Noticed Blork the orc
  3798 | D:6      | Killed Blork the orc
  4324 | D:6      | Found a staircase to the Ecumenical Temple.
  4856 | D:7      | Reached XP level 9. HP: 71/71 MP: 8/8
  4975 | D:7      | Gained mutation: You are partially covered in thin metallic scales (AC +2). [potion of mutation]
  4975 | D:7      | Gained mutation: Your flesh is heat resistant. [potion of mutation]
  4975 | D:7      | Gained mutation: Potions and wands are less effective at restoring your health. [potion of mutation]
  5108 | D:7      | Killed an unseen horror
  5243 | D:7      | Reached skill level 4 in Shields
  5432 | D:7      | Reached skill level 5 in Shields
  5518 | D:7      | Reached skill level 6 in Shields
  5800 | D:7      | Reached skill level 7 in Shields
  6184 | D:8      | Found a staircase to the Lair.
  6185 | D:8      | Noticed a komodo dragon
  6213 | D:8      | Found a sacrificial altar of Ru.
  6213 | D:8      | Found a blossoming altar of Fedhas.
  6214 | D:8      | Found a stormy altar of Qazlal.
  6268 | D:8      | Reached skill level 8 in Shields
  6572 | D:8      | Identified the Collected Works on Good Luck
  6685 | D:8      | Reached XP level 10. HP: 60/78 MP: 9/9
  6701 | D:8      | Noticed Psyche
  6710 | D:8      | Killed Psyche
  6710 | D:8      | Reached skill level 9 in Shields
  7411 | D:9      | Reached skill level 10 in Shields
  7780 | D:9      | Found Woluel's Antique Armour Emporium.
  7786 | D:9      | Bought a runed cloak for 99 gold pieces
  7786 | D:9      | Bought a faintly glowing ring mail for 198 gold pieces
  7786 | D:9      | Identified the +2 ring mail "Urugg" {+Fly rF+ rCorr Int+4} (You bought it in a shop on level 9 of the Dungeon)
  7963 | D:9      | Reached skill level 11 in Shields
  7983 | D:10     | Entered Level 10 of the Dungeon
  8033 | D:10     | Reached skill level 12 in Shields
  8215 | D:10     | Found Dappalit's Distillery.
  8240 | D:10     | Bought a potion of curing for 42 gold pieces
  8240 | D:10     | Bought a potion of curing for 42 gold pieces
  8240 | D:10     | Bought a potion of curing for 42 gold pieces
  8240 | D:10     | Bought a potion of curing for 42 gold pieces
  8240 | D:10     | Bought a potion of might for 56 gold pieces
  8523 | D:10     | Killed an unseen horror
  8673 | D:10     | Reached skill level 13 in Shields
  8711 | D:10     | Reached XP level 11. HP: 77/83 MP: 10/10
  9619 | D:10     | Identified a scroll of acquirement
  9641 | D:11     | Noticed a red ugly thing
  9652 | D:11     | Reached skill level 14 in Shields
  9672 | D:11     | Noticed a hill giant
  9698 | D:11     | Killed a red ugly thing
  9715 | D:11     | Killed a hill giant
  9777 | D:11     | Noticed a hill giant
  9792 | D:11     | Killed a hill giant
  9823 | D:11     | Noticed a four-headed hydra
  9823 | D:11     | Reached skill level 15 in Shields
  9850 | D:11     | HP: 2/124 [four-headed hydra (10)]
  9850 | D:11     | Slain by a four-headed hydra

Vault maps used:
D:1:      dpeg_arrival_ternary
D:2:      old_standard_altar
D:3:      wad_crossroads, minmay_surrounded, uniq_terence
D:4:      uniq_grinder
D:5:      first_bread
D:6:      minmay_temple_entry_enclosed_plants, kennysheep_nondescript,
          uniq_blork_the_orc, uniq_pikel
D:7:      minmay_crossroads
D:8:      gammafunk_temple_overflow_forgotten, david_lair_shrubbed, uniq_psyche
D:9:      serial_shops, shop
D:10:     serial_shops, nicolae_shop_waterfront
D:11:     minmay_orc_entry_temple_small

Skill      XL: |  1  2  3  4  5  6  7  8  9 10 11 |
---------------+----------------------------------+-----
Polearms       | 3 4 6 7 9 12 13 14 | 14.7
Shields        | 8 13 15 | 15.1
Fighting       | |  3.7
Armour         | |  3.7

Action                   |  1- 3 |  4- 6 |  7- 9 | 10-12 || total
-------------------------+-------+-------+-------+-------++-------
Melee: Trident           |   133 |   156 |    78 |       ||   367
       Spear             |       |       |   418 |   517 ||   935
  Use: Scroll            |     5 |     1 |     9 |     5 ||    20
       Potion            |       |     3 |     5 |    15 ||    23
 Stab: Sleeping          |       |       |       |     1 ||     1
  Eat: Bread ration      |       |     1 |     2 |     1 ||     4
       Fruit             |       |     1 |     6 |       ||     7
       Beef jerky        |       |       |     1 |       ||     1
       Meat ration       |       |       |       |     1 ||     1
